[Event "Charlotte Fall GM-A 2023"]
[Site "Charlotte"]
[Date "2023.11.19"]
[Round "5.4"]
[White "Aarav Dengla"]
[Black "Bellahcene, Bilel"]
[Result "1/2-1/2"]
[ECO "B32"]
[WhiteElo "2391"]
[BlackElo "2502"]
[Annotator "RC"]
[PlyCount "191"]
[EventDate "2023.11.17"]
[EventType "tourn"]
[EventCountry "USA"]
[SourceTitle "playchess.com"]
[Source "ChessBase"]
[SourceQuality "1"]
[TimeControl "5400+30"]

1. e4 c5 2. Nf3 Nc6 3. d4 cxd4 4. Nxd4 e5 5. Nb5 d6 6. c4 Nf6 7. N1c3 a6 8. Na3 Be7 9. Bd3 O-O 10. O-O Be6 11. Nc2 Rc8 12. Ne3 Nd4 13. Ned5 Nxd5 14. cxd5 Bd7 15. Be3 Bg5 16. Qd2 h6 17. f4 Bf6 18. Qf2 Nb5 19. Nxb5 Bxb5 20. Bxb5 axb5 21. Rac1 exf4 22. Bxf4 Qe7 23. Qe2 Ra8 24. b4 Rfe8 25. Rfe1 Be5 26. Bxe5 Qxe5 27. Rc7 f5 28. Rc2 Qd4+ 29. Qf2 Qxb4 30. Rb2 Qc3 31. Rc2 Qe5 32. Rce2 fxe4 33. Rxe4 Qxe4 34. Rxe4 Rxe4 35. h3 Re5 36. Qb2 Ra5 37. a3 Rxd5 38. Qb3 b4 39. axb4 Rab5 40. Qc4 h5 41. h4 Kh7 42. Qe4+ Rf5 43. Qd3 Rbd5 44. Qe4 b5 45. Kh2 Rde5 46. Qd3 d5 47. Qxb5 Re4 48. Kh3 Re3+ 49. Kh2 Rf4 50. Qxd5 Rxh4+ 51. Kg1 Re1+ 52. Kf2 Re7 53. Qf5+ g6 54. Qf6 Rhe4 55. b5 R4e6 56. Qg5 Re5 57. Qh4 Rf7+ 58. Kg1 Rxb5 59. Qc4 Rbf5 60. Qe4 Rg5 61. Qe6 Rgf5 62. Qe4 Rf4 63. Qe5 Rg4 64. Qe2 Rc7 65. Kh2 Rf4 66. Qe5 Rcf7 67. Kg1 h4 68. Kh2 Rg4 69. Qe6 Rgf4 70. Qe5 R4f5 71. Qe4 Rg5 72. Qd4 Rgf5 73. Qe4 Kh6 74. Qd4 Rf8 75. Qd6 R5f6 76. Qd2+ g5 77. Qe3 Rf1 78. Qe2 R8f6 79. Qe3 Rd1 80. Qe2 Rd8 81. Qe7 Rdf8 82. Qe4 R8f7 83. Qe3 Rd6 84. Qe4 Rf2 85. Kg1 Rdf6 86. Kh2 Rd2 87. Qe5 Rdd6 88. Qe4 Rde6 89. Qc4 Re1 90. Qc3 Ref1 91. Qc8 Rf7 92. Qh8+ Kg6 93. Qg8+ Rg7 94. Qc8 Rff7 95. Qc6+ Kh5 96. Qb5 1/2-1/2

[Event "Charlotte Fall GM-A 2023"]
[Site "Charlotte"]
[Date "2023.11.19"]
[Round "5.5"]
[White "Chen, Ryo"]
[Black "Gauri, Shankar"]
[Result "1/2-1/2"]
[ECO "C65"]
[WhiteElo "2367"]
[BlackElo "2351"]
[Annotator "RC"]
[PlyCount "52"]
[EventDate "2023.11.17"]
[EventType "tourn"]
[EventCountry "USA"]
[SourceTitle "playchess.com"]
[Source "ChessBase"]
[SourceQuality "1"]
[TimeControl "5400+30"]

1. e4 e5 2. Nf3 Nc6 3. Bb5 Nf6 4. d3 Bc5 5. Bxc6 dxc6 6. O-O Nd7 7. c3 O-O 8. d4 Bd6 9. Bg5 f6 10. Bh4 Qe8 11. Nbd2 Nb6 12. Bg3 Bg4 13. Qb3+ Kh8 14. h3 Bh5 15. Nh4 Bf7 16. Qc2 exd4 17. Bxd6 cxd6 18. cxd4 d5 19. Rfe1 Qd8 20. Qc5 g6 21. Nhf3 dxe4 22. Rxe4 Nd5 23. Rae1 Qd7 24. Nc4 b6 25. Qa3 Rad8 26. Ne3 a5 1/2-1/2

[Event "Charlotte Fall GM-A 2023"]
[Site "Charlotte"]
[Date "2023.11.20"]
[Round "6.1"]
[White "Sandoval Mercado, Carlos"]
[Black "Gauri, Shankar"]
[Result "1-0"]
[ECO "E71"]
[WhiteElo "2397"]
[BlackElo "2351"]
[Annotator "RC"]
[PlyCount "109"]
[EventDate "2023.11.17"]
[EventType "tourn"]
[EventCountry "USA"]
[SourceTitle "playchess.com"]
[Source "ChessBase"]
[SourceQuality "1"]
[TimeControl "5400+30"]

1. d4 Nf6 2. c4 g6 3. Nc3 Bg7 4. e4 d6 5. h3 O-O 6. Be3 e5 7. d5 Na6 8. Be2 Ne8 9. g4 f5 10. exf5 gxf5 11. gxf5 Bxf5 12. Nf3 Kh8 13. Qd2 Nc5 14. Rg1 Qd7 15. O-O-O Nf6 16. Bxc5 dxc5 17. Nxe5 Qe7 18. f4 Nd7 19. d6 cxd6 20. Nd5 Qd8 21. Rxg7 Kxg7 22. Rg1+ Bg6 23. Nxg6 hxg6 24. Bd3 Qh4 25. Qc3+ Rf6 26. Rg4 Qh8 27. Bf5 Ne5 28. Nxf6 Nxg4 29. Bxg4 Kh6 30. Nd5 Qxc3+ 31. Nxc3 Rf8 32. Nd5 Re8 33. Kd2 Re4 34. Be2 b5 35. Bd3 Rd4 36. b3 bxc4 37. bxc4 Kh5 38. Ke3 Kh4 39. Nc3 g5 40. Ne2 gxf4+ 41. Nxf4 d5 42. cxd5 Rb4 43. Ng6+ Kxh3 44. Ne5 Rd4 45. Be4 Kg3 46. Nd3 Rc4 47. Bf5 Kh4 48. d6 Rd4 49. d7 Kg5 50. Bh3 Kf6 51. Nxc5 Rd1 52. Nb7 Ke7 53. d8=Q+ Rxd8 54. Nxd8 Kxd8 55. Kd4 1-0

[Event "Charlotte Fall GM-A 2023"]
[Site "Charlotte"]
[Date "2023.11.20"]
[Round "6.2"]
[White "Bellahcene, Bilel"]
[Black "Chen, Ryo"]
[Result "0-1"]
[ECO "B56"]
[WhiteElo "2502"]
[BlackElo "2367"]
[Annotator "RC"]
[PlyCount "106"]
[EventDate "2023.11.17"]
[EventType "tourn"]
[EventCountry "USA"]
[SourceTitle "playchess.com"]
[Source "ChessBase"]
[SourceQuality "1"]
[TimeControl "5400+30"]

1. e4 c5 2. Nf3 d6 3. d4 cxd4 4. Nxd4 Nf6 5. Nc3 Nc6 6. h4 e5 7. Nb3 Be6 8. Bg5 Be7 9. Qd2 a5 10. a4 h6 11. Bxf6 Bxf6 12. g3 O-O 13. O-O-O Qb6 14. Kb1 Nb4 15. Qe3 Qxe3 16. fxe3 Rfd8 17. Bg2 Rdc8 18. Bh3 b5 19. Bxe6 fxe6 20. Nxb5 Nxc2 21. Rd3 d5 22. Nd6 Nb4 23. Rd2 Rc6 24. Nb5 dxe4 25. Rc1 Rxc1+ 26. Nxc1 Nd5 27. Nd6 Rb8 28. Rc2 Nxe3 29. Re2 Nd5 30. Nxe4 Rb4 31. Nd3 Rxa4 32. Ndc5 Rb4 33. Nxe6 Be7 34. Ka2 Nf6 35. Nc3 e4 36. Rd2 Kf7 37. Nd4 Bc5 38. Nc6 Rb6 39. Ne5+ Ke7 40. Rc2 Re6 41. Ng6+ Kf7 42. Nf4 Re8 43. Nb5 Re5 44. Kb3 g5 45. hxg5 hxg5 46. Ne2 Kg6 47. Ka4 Kh5 48. Kxa5 Kg4 49. Ka4 Nh5 50. Rc4 Nxg3 51. Nec3 Kf3 52. b4 Bf2 53. Kb3 Nf5 0-1

[Event "Charlotte Fall GM-A 2023"]
[Site "Charlotte"]
[Date "2023.11.20"]
[Round "6.3"]
[White "Mardov, Dimitar"]
[Black "Aarav Dengla"]
[Result "1-0"]
[ECO "D30"]
[WhiteElo "2455"]
[BlackElo "2391"]
[Annotator "RC"]
[PlyCount "89"]
[EventDate "2023.11.17"]
[EventType "tourn"]
[EventCountry "USA"]
[SourceTitle "playchess.com"]
[Source "ChessBase"]
[SourceQuality "1"]
[TimeControl "5400+30"]

1. Nf3 d5 2. d4 e6 3. c4 a6 4. Bg5 Be7 5. Bxe7 Qxe7 6. Nbd2 Nf6 7. Rc1 b6 8. Qa4+ Bd7 9. Qb3 Nc6 10. e3 O-O 11. cxd5 exd5 12. Be2 Na5 13. Qc3 Nb7 14. O-O Rfc8 15. Ne5 c5 16. Nxd7 Qxd7 17. dxc5 bxc5 18. Rfd1 Nd6 19. Qa3 Nb5 20. Qa5 Qe7 21. a4 Nd4 22. exd4 Qxe2 23. Re1 Qd3 24. dxc5 Rab8 25. b3 d4 26. c6 h5 27. h3 h4 28. Re7 Kf8 29. Qc5 Kg8 30. Nc4 Rxb3 31. Nd6 Rc3 32. Rxc3 Qd1+ 33. Kh2 dxc3 34. Re3 Nd5 35. Nxc8 Nxe3 36. fxe3 c2 37. Ne7+ Kh7 38. c7 c1=Q 39. Qf5+ Kh8 40. c8=Q+ Qxc8 41. Qxc8+ Kh7 42. Qg8+ Kh6 43. Qh8+ Kg5 44. Qxg7+ Kh5 45. Qxf7+ 1-0

[Event "Charlotte Fall GM-A 2023"]
[Site "Charlotte"]
[Date "2023.11.20"]
[Round "6.4"]
[White "Corrales Jimenez, Fidel"]
[Black "Woodward, Andy"]
[Result "1-0"]
[ECO "D83"]
[WhiteElo "2525"]
[BlackElo "2473"]
[Annotator "RC"]
[PlyCount "133"]
[EventDate "2023.11.17"]
[EventType "tourn"]
[EventCountry "USA"]
[SourceTitle "playchess.com"]
[Source "ChessBase"]
[SourceQuality "1"]
[TimeControl "5400+30"]

1. d4 Nf6 2. c4 g6 3. Nc3 d5 4. Bf4 Bg7 5. Rc1 O-O 6. e3 c5 7. dxc5 Be6 8. Nf3 Qa5 9. Nd4 Nc6 10. Nxe6 fxe6 11. Qa4 Qxc5 12. Be2 e5 13. cxd5 exf4 14. dxc6 fxe3 15. Qc4+ Qxc4 16. Bxc4+ Kh8 17. cxb7 Rab8 18. Ba6 exf2+ 19. Ke2 Bh6 20. Rc2 Ng4 21. Nd1 Bf4 22. h3 Nh6 23. g4 Rf6 24. Bc4 Rc6 25. Nxf2 Nf7 26. Nd3 Bd6 27. Rhc1 Nd8 28. b4 Nxb7 29. b5 Rc7 30. Bd5 Rxc2+ 31. Rxc2 Nd8 32. a4 Kg7 33. Ke3 e6 34. Be4 Kf6 35. h4 Nf7 36. Rc6 Rb6 37. Rc8 Rb8 38. Rc1 Ke7 39. Rb1 Ne5 40. Nxe5 Bxe5 41. a5 Bc7 42. b6 axb6 43. a6 b5 44. Ke2 Bb6 45. Rxb5 Ba7 46. Rxb8 Bxb8 47. Ke3 Kf6 48. g5+ Ke7 49. Kd4 Ba7+ 50. Kd3 Bb8 51. Ke2 Ba7 52. Kf3 Kf7 53. Bd3 Ke7 54. Kg3 Kf8 55. h5 h6 56. hxg6 hxg5 57. Kg4 Be3 58. Kh5 Kg7 59. Be2 e5 60. Bg4 Bb6 61. Bf5 Be3 62. Bc2 e4 63. Bxe4 Kg8 64. Kg4 Kg7 65. Kf5 Kg8 66. Kf6 g4 67. Bd5+ 1-0

[Event "Charlotte Fall GM-A 2023"]
[Site "Charlotte"]
[Date "2023.11.20"]
[Round "6.5"]
[White "Cruz, Cristhian"]
[Black "Siddharth, Jagadeesh"]
[Result "1-0"]
[ECO "E67"]
[WhiteElo "2498"]
[BlackElo "2438"]
[Annotator "RC"]
[PlyCount "97"]
[EventDate "2023.11.17"]
[EventType "tourn"]
[EventCountry "USA"]
[SourceTitle "playchess.com"]
[Source "ChessBase"]
[SourceQuality "1"]
[TimeControl "5400+30"]

1. d4 Nf6 2. c4 g6 3. g3 Bg7 4. Bg2 O-O 5. Nc3 d6 6. Nf3 Nbd7 7. O-O e5 8. Qc2 Re8 9. Rd1 Qe7 10. e4 exd4 11. Nxd4 Nc5 12. f3 c6 13. Be3 Nfd7 14. Bf2 h5 15. b3 Ne5 16. Rd2 h4 17. Rad1 h3 18. Bh1 Qf6 19. Be3 Ne6 20. Rf2 a6 21. Na4 Nd7 22. Nxe6 Rxe6 23. f4 Qe7 24. c5 d5 25. Bd4 dxe4 26. Bxg7 Kxg7 27. f5 gxf5 28. Rxf5 e3 29. Re1 Rb8 30. Qc3+ f6 31. Qd4 Ne5 32. Nb6 Ng6 33. Nc4 Bd7 34. Rf3 e2 35. Rd3 Nf8 36. Bf3 Rd8 37. Kf2 a5 38. Nd6 Re5 39. Rxe2 Bc8 40. Rde3 Ng6 41. Be4 Bg4 42. Bxg6 Bxe2 43. Nf5+ Rxf5+ 44. Bxf5 Qf8 45. Qh4 Qxc5 46. Qh7+ Kf8 47. Kxe2 Rd2+ 48. Kxd2 Qd4+ 49. Ke2 1-0

[Event "Charlotte Fall GM-A 2023"]
[Site "Charlotte"]
[Date "2023.11.20"]
[Round "7.1"]
[White "Siddharth, Jagadeesh"]
[Black "Sandoval Mercado, Carlos"]
[Result "1/2-1/2"]
[ECO "B47"]
[WhiteElo "2438"]
[BlackElo "2397"]
[Annotator "RC"]
[PlyCount "80"]
[EventDate "2023.11.17"]
[EventType "tourn"]
[EventCountry "USA"]
[SourceTitle "playchess.com"]
[Source "ChessBase"]
[SourceQuality "1"]
[TimeControl "5400+30"]

1. e4 c5 2. Nf3 e6 3. d4 cxd4 4. Nxd4 Nc6 5. Nc3 Qc7 6. Ncb5 Qb8 7. Bd3 a6 8. Nxc6 bxc6 9. Nd4 e5 10. Nf5 d5 11. Qf3 g6 12. Ng3 Be6 13. O-O Bg7 14. exd5 cxd5 15. c4 Nf6 16. cxd5 Bxd5 17. Ne4 Nxe4 18. Bxe4 Bxe4 19. Qxe4 O-O 20. b3 Rd8 21. Bg5 Rd4 22. Qc6 Rd6 23. Qc2 a5 24. Rad1 Rd4 25. Be3 Rxd1 26. Rxd1 Qb7 27. Rc1 h6 28. h4 Qb4 29. h5 gxh5 30. Qc6 Rd8 31. Bxh6 Bxh6 32. Qxh6 Qd2 33. Qxd2 Rxd2 34. Rc5 Rxa2 35. Rxe5 Ra3 36. Rxh5 Rxb3 37. Rxa5 Kg7 38. g3 Rc3 39. Kg2 Rc2 40. Re5 Ra2 1/2-1/2

[Event "Charlotte Fall GM-A 2023"]
[Site "Charlotte"]
[Date "2023.11.20"]
[Round "7.2"]
[White "Woodward, Andy"]
[Black "Cruz, Cristhian"]
[Result "1/2-1/2"]
[ECO "E06"]
[WhiteElo "2473"]
[BlackElo "2498"]
[Annotator "RC"]
[PlyCount "48"]
[EventDate "2023.11.17"]
[EventType "tourn"]
[EventCountry "USA"]
[SourceTitle "playchess.com"]
[Source "ChessBase"]
[SourceQuality "1"]
[TimeControl "5400+30"]

1. d4 e6 2. c4 Nf6 3. g3 Bb4+ 4. Bd2 Be7 5. Bg2 d5 6. Nf3 O-O 7. Qc2 c6 8. O-O b6 9. Bf4 Bb7 10. Nbd2 Nh5 11. e3 Na6 12. cxd5 Nb4 13. Qb3 cxd5 14. Rfc1 Nc6 15. Qa4 Rc8 16. Ne5 Nxf4 17. exf4 b5 18. Nxc6 bxa4 19. Nxd8 Rfxd8 20. Bf1 a3 21. bxa3 Bxa3 22. Rxc8 Rxc8 23. Rb1 Rc7 24. Bd3 Rc1+ 1/2-1/2

[Event "Charlotte Fall GM-A 2023"]
[Site "Charlotte"]
[Date "2023.11.20"]
[Round "7.3"]
[White "Aarav Dengla"]
[Black "Corrales Jimenez, Fidel"]
[Result "1/2-1/2"]
[ECO "B10"]
[WhiteElo "2391"]
[BlackElo "2525"]
[Annotator "RC"]
[PlyCount "22"]
[EventDate "2023.11.17"]
[EventType "tourn"]
[EventCountry "USA"]
[SourceTitle "playchess.com"]
[Source "ChessBase"]
[SourceQuality "1"]
[TimeControl "5400+30"]

1. e4 c6 2. Nf3 d5 3. exd5 cxd5 4. Ne5 Nc6 5. Bb5 Bd7 6. Nxd7 Qxd7 7. d4 a6 8. Be2 e6 9. c3 Bd6 10. Nd2 Nf6 11. O-O O-O 1/2-1/2

[Event "Charlotte Fall GM-A 2023"]
[Site "Charlotte"]
[Date "2023.11.20"]
[Round "7.4"]
[White "Chen, Ryo"]
[Black "Mardov, Dimitar"]
[Result "0-1"]
[ECO "B90"]
[WhiteElo "2367"]
[BlackElo "2455"]
[Annotator "RC"]
[PlyCount "150"]
[EventDate "2023.11.17"]
[EventType "tourn"]
[EventCountry "USA"]
[SourceTitle "playchess.com"]
[Source "ChessBase"]
[SourceQuality "1"]
[TimeControl "5400+30"]

1. e4 c5 2. Nf3 d6 3. d4 cxd4 4. Nxd4 Nf6 5. Nc3 a6 6. Be3 e5 7. Nf3 Be7 8. Bc4 O-O 9. O-O Nc6 10. Bb3 h6 11. Re1 Na5 12. Nd5 Nxb3 13. Bb6 Qd7 14. Nxe7+ Qxe7 15. axb3 Be6 16. Ba5 Qd7 17. Re3 Qc6 18. Rc3 Qb5 19. Re3 b6 20. Bc3 Qc6 21. Qe2 a5 22. Ne1 Rfc8 23. Nd3 b5 24. Rxa5 Rxa5 25. Bxa5 Ng4 26. Rg3 Qxc2 27. Qxc2 Rxc2 28. h3 Nf6 29. Re3 Bxb3 30. Nxe5 Rxb2 31. Nf3 Bc2 32. e5 dxe5 33. Rxe5 b4 34. Rb5 b3 35. Nd2 Ne4 36. Nxe4 Bxe4 37. Bc3 Rb1+ 38. Kh2 Kh7 39. Rb4 Bd5 40. Kg3 Rc1 41. Bb2 Rc2 42. Be5 f6 43. Ba1 Kg6 44. Rb5 Rd2 45. f3 Bc4 46. Rb4 Bf1 47. Rxb3 Rxg2+ 48. Kf4 Ra2 49. Bd4 Bxh3 50. Bc5 Ra5 51. Bf8 Kf7 52. Bd6 Ra7 53. Ra3 Rd7 54. Bc5 Rd5 55. Ra7+ Bd7 56. Be3 g5+ 57. Ke4 Re5+ 58. Kd3 Ke6 59. Ra6+ Kf5 60. Rd6 Be6 61. Bd4 Ra5 62. Rd8 Ra6 63. Ke3 h5 64. Rh8 h4 65. Rh6 Bd5 66. Kf2 Ra2+ 67. Ke3 Ra3+ 68. Ke2 Bxf3+ 69. Kf2 Kg4 70. Bxf6 Ra2+ 71. Kg1 Be4 72. Rh8 Rg2+ 73. Kf1 h3 74. Bxg5 h2 75. Be3 Ra2 0-1

[Event "Charlotte Fall GM-A 2023"]
[Site "Charlotte"]
[Date "2023.11.20"]
[Round "7.5"]
[White "Gauri, Shankar"]
[Black "Bellahcene, Bilel"]
[Result "0-1"]
[ECO "E04"]
[WhiteElo "2351"]
[BlackElo "2502"]
[Annotator "RC"]
[PlyCount "90"]
[EventDate "2023.11.17"]
[EventType "tourn"]
[EventCountry "USA"]
[SourceTitle "playchess.com"]
[Source "ChessBase"]
[SourceQuality "1"]
[TimeControl "5400+30"]

1. d4 Nf6 2. Nf3 e6 3. c4 d5 4. g3 dxc4 5. Bg2 c6 6. Ne5 Bb4+ 7. Nc3 Nd5 8. Bd2 b5 9. a4 f6 10. Nf3 Bxc3 11. bxc3 O-O 12. e4 Ne7 13. h4 Nd7 14. h5 h6 15. Bf4 Bb7 16. O-O Nb6 17. a5 Na4 18. Rxa4 bxa4 19. Qxa4 Ba6 20. Bh3 f5 21. Ne5 Qe8 22. Qa3 Bb5 23. Re1 Rf6 24. exf5 Nxf5 25. Ng6 Qd7 26. Be5 Rf7 27. g4 Ne7 28. f4 Nd5 29. Bg2 Re8 30. Be4 Qd8 31. Re2 c5 32. dxc5 Bc6 33. Bd6 e5 34. Bxd5 Bxd5 35. Bxe5 Bf3 36. Rf2 Bxg4 37. c6 Bxh5 38. Rg2 Qd1+ 39. Kh2 Bxg6 40. c7 Be4 41. Qc5 Qh5+ 42. Kg1 Bxg2 43. c8=Q Qh1+ 44. Kf2 Qf1+ 45. Kg3 Rxc8 0-1

[Event "Charlotte Fall GM-A 2023"]
[Site "Charlotte"]
[Date "2023.11.21"]
[Round "8.1"]
[White "Sandoval Mercado, Carlos"]
[Black "Bellahcene, Bilel"]
[Result "1/2-1/2"]
[ECO "E49"]
[WhiteElo "2397"]
[BlackElo "2502"]
[Annotator "RC"]
[PlyCount "63"]
[EventDate "2023.11.17"]
[EventType "tourn"]
[EventCountry "USA"]
[SourceTitle "playchess.com"]
[Source "ChessBase"]
[SourceQuality "1"]
[TimeControl "5400+30"]

1. d4 Nf6 2. c4 e6 3. Nc3 Bb4 4. e3 O-O 5. Bd3 d5 6. a3 Bxc3+ 7. bxc3 dxc4 8. Bxc4 c5 9. Ne2 Qc7 10. Ba2 b6 11. O-O Ba6 12. Re1 Rd8 13. Ng3 Nc6 14. Rb1 Rac8 15. Rb2 Na5 16. e4 cxd4 17. cxd4 Ne8 18. Bg5 Rd7 19. d5 Bc4 20. Rc2 Qb7 21. Qc1 Nd6 22. Bxc4 Ndxc4 23. Bf6 Kf8 24. Nh5 gxf6 25. Qh6+ Ke7 26. Qxf6+ Kd6 27. dxe6 fxe6 28. Rd1+ Kc7 29. Qe5+ Kd8 30. Qf6+ Kc7 31. Qe5+ Kd8 32. Qf6+ 1/2-1/2

[Event "Charlotte Fall GM-A 2023"]
[Site "Charlotte"]
[Date "2023.11.21"]
[Round "8.2"]
[White "Mardov, Dimitar"]
[Black "Gauri, Shankar"]
[Result "1/2-1/2"]
[ECO "B11"]
[WhiteElo "2455"]
[BlackElo "2351"]
[Annotator "RC"]
[PlyCount "56"]
[EventDate "2023.11.17"]
[EventType "tourn"]
[EventCountry "USA"]
[SourceTitle "playchess.com"]
[Source "ChessBase"]
[SourceQuality "1"]
[TimeControl "5400+30"]

1. e4 c6 2. Nf3 d5 3. Nc3 Bg4 4. h3 Bxf3 5. Qxf3 e6 6. d4 dxe4 7. Qxe4 Nf6 8. Qd3 Na6 9. a3 Be7 10. Bd2 O-O 11. g4 c5 12. dxc5 Qxd3 13. Bxd3 Nxc5 14. Be2 Nfe4 15. Nxe4 Nxe4 16. Bb4 Bc5 17. Bf3 a5 18. Bxc5 Nxc5 19. O-O-O a4 20. Rd6 f5 21. g5 Rac8 22. Rhd1 Kf7 23. h4 Rc7 24. Rb6 Ke7 25. Kb1 Rd8 26. Rxd8 Kxd8 27. b4 axb3 28. cxb3 e5 1/2-1/2

[Event "Charlotte Fall GM-A 2023"]
[Site "Charlotte"]
[Date "2023.11.21"]
[Round "8.3"]
[White "Corrales Jimenez, Fidel"]
[Black "Chen, Ryo"]
[Result "1-0"]
[ECO "B67"]
[WhiteElo "2525"]
[BlackElo "2367"]
[Annotator "RC"]
[PlyCount "79"]
[EventDate "2023.11.17"]
[EventType "tourn"]
[EventCountry "USA"]
[SourceTitle "playchess.com"]
[Source "ChessBase"]
[SourceQuality "1"]
[TimeControl "5400+30"]

1. e4 c5 2. Nf3 d6 3. d4 cxd4 4. Nxd4 Nf6 5. Nc3 Nc6 6. Bg5 e6 7. Qd2 a6 8. O-O-O Bd7 9. Nxc6 Bxc6 10. Bd3 h6 11. Bf4 d5 12. exd5 Nxd5 13. Nxd5 Qxd5 14. Kb1 Be7 15. f3 Bf6 16. Rhe1 O-O-O 17. Re4 Rd7 18. Qb4 Be7 19. Qe1 Rhd8 20. Be5 Qc5 21. Rg4 g6 22. a3 h5 23. Rb4 Qd5 24. Rd4 Qc5 25. b4 Qb6 26. Rc4 Qb5 27. Qc3 Bd6 28. Re1 Kb8 29. Bf6 Be7 30. Bd4 Qg5 31. Be5+ Bd6 32. Bf6 Qxg2 33. Rxc6 bxc6 34. Qxc6 Qf2 35. Rd1 Rc7 36. Qxa6 Qxf3 37. Qb6+ Ka8 38. Rf1 Qg2 39. Bxd8 Rxc2 40. Qa6+ 1-0

[Event "Charlotte Fall GM-A 2023"]
[Site "Charlotte"]
[Date "2023.11.21"]
[Round "8.4"]
[White "Cruz, Cristhian"]
[Black "Aarav Dengla"]
[Result "0-1"]
[ECO "D02"]
[WhiteElo "2498"]
[BlackElo "2391"]
[Annotator "RC"]
[PlyCount "210"]
[EventDate "2023.11.17"]
[EventType "tourn"]
[EventCountry "USA"]
[SourceTitle "playchess.com"]
[Source "ChessBase"]
[SourceQuality "1"]
[TimeControl "5400+30"]

1. Nf3 d5 2. d4 e6 3. Bf4 c5 4. e3 Nf6 5. Nbd2 Bd6 6. Bb5+ Nc6 7. dxc5 Bxc5 8. O-O O-O 9. c4 Nb4 10. a3 Nd3 11. Nb3 Nxf4 12. Nxc5 Ng6 13. Ba4 Qc7 14. b4 dxc4 15. Rc1 a6 16. Qd4 e5 17. Qb2 b6 18. Rxc4 e4 19. Rfc1 bxc5 20. Rxc5 Qe7 21. Rc7 Qd8 22. Ne5 Be6 23. h3 Qd6 24. Nxg6 hxg6 25. R1c6 Qd8 26. Rc5 Qd6 27. R5c6 Qd8 28. Rc5 Nd5 29. R7c6 Ne7 30. Rc7 Nd5 31. R7c6 Ne7 32. Rc7 Rc8 33. Rxc8 Nxc8 34. Bc2 Qd2 35. Qc3 Qc1+ 36. Kh2 Nd6 37. a4 Qf1 38. Qd4 Nf5 39. Qd2 Qa1 40. a5 Qb2 41. Qc3 Qa2 42. Rc6 Ne7 43. Rc5 Rd8 44. Rc7 Nd5 45. Qd4 Rb8 46. Rc6 Nxb4 47. Rb6 Rc8 48. Bxe4 Nc2 49. Qe5 Na3 50. Rb8 Qc4 51. Rb6 Qa2 52. Rb8 Qc4 53. Rb6 Re8 54. Bc6 Bd7 55. Qd6 Bxc6 56. Rxc6 Qe6 57. Rxa6 Qxd6+ 58. Rxd6 Re5 59. a6 Ra5 60. Rc6 f6 61. Kg3 Nb1 62. e4 Nd2 63. f3 Kh7 64. h4 Nb3 65. Kf4 Nc5 66. g4 Nxa6 67. g5 fxg5+ 68. hxg5 Nc5 69. Kg4 Nd3 70. f4 Ra3 71. Rc2 Ra4 72. Re2 Nc5 73. Kf3 Ra3+ 74. Kg4 Ra4 75. Kf3 Ne6 76. Rd2 Ra3+ 77. Kg4 Ra4 78. Kf3 Ra3+ 79. Kg4 Re3 80. e5 Kg8 81. Rd6 Kf7 82. Ra6 Rd3 83. Ra7+ Kf8 84. Ra8+ Ke7 85. Ra7+ Rd7 86. Ra3 Kf7 87. Ra4 Rc7 88. Rb4 Nc5 89. Rc4 Ke7 90. Rd4 Ra7 91. Rc4 Ne6 92. Rb4 Rd7 93. Ra4 Kf7 94. Rb4 Rd4 95. Rb7+ Ke8 96. Rb8+ Ke7 97. Rb7+ Ke8 98. Rb8+ Ke7 99. Rb7+ Kd8 100. Rb6 Kd7 101. Rb7+ Kd8 102. Rb6 Kd7 103. Rb7+ Kc6 104. Re7 Nxf4 105. Kf3 Kd5 0-1

[Event "Charlotte Fall GM-A 2023"]
[Site "Charlotte"]
[Date "2023.11.21"]
[Round "8.5"]
[White "Siddharth, Jagadeesh"]
[Black "Woodward, Andy"]
[Result "1/2-1/2"]
[ECO "B53"]
[WhiteElo "2438"]
[BlackElo "2473"]
[Annotator "RC"]
[PlyCount "69"]
[EventDate "2023.11.17"]
[EventType "tourn"]
[EventCountry "USA"]
[SourceTitle "playchess.com"]
[Source "ChessBase"]
[SourceQuality "1"]
[TimeControl "5400+30"]

1. e4 c5 2. Nf3 d6 3. d4 cxd4 4. Qxd4 Nf6 5. Nc3 Nc6 6. Bb5 Bd7 7. Bxc6 Bxc6 8. Bg5 e6 9. O-O-O Be7 10. Rhe1 O-O 11. e5 dxe5 12. Nxe5 Qxd4 13. Rxd4 Rfc8 14. Nxc6 Rxc6 15. Ne4 e5 16. Rdd1 Nxe4 17. Bxe7 Nxf2 18. Rd2 Re8 19. h3 f5 20. Rxe5 Ne4 21. Rd7 Rg6 22. g4 fxg4 23. Rxe4 gxh3 24. Rh4 Rg1+ 25. Kd2 Rg2+ 26. Kd3 h2 27. Rxb7 Rg3+ 28. Kd2 Rg2+ 29. Ke3 Rxc2 30. Kf3 a6 31. Kg3 Re2 32. Bc5 Rd8 33. Bf2 Rdd2 34. Rxh2 Rxb2 35. Rxg7+ 1/2-1/2

[Event "Charlotte Fall GM-A 2023"]
[Site "Charlotte"]
[Date "2023.11.21"]
[Round "9.1"]
[White "Woodward, Andy"]
[Black "Sandoval Mercado, Carlos"]
[Result "1-0"]
[ECO "E73"]
[WhiteElo "2473"]
[BlackElo "2397"]
[Annotator "RC"]
[PlyCount "55"]
[EventDate "2023.11.17"]
[EventType "tourn"]
[EventCountry "USA"]
[SourceTitle "playchess.com"]
[Source "ChessBase"]
[SourceQuality "1"]
[TimeControl "5400+30"]

1. d4 Nf6 2. c4 g6 3. Nc3 Bg7 4. e4 d6 5. Be2 O-O 6. Be3 Na6 7. h4 h5 8. f3 c5 9. d5 Nc7 10. Qd2 a6 11. a4 Rb8 12. a5 e6 13. e5 Nfe8 14. g4 exd5 15. cxd5 Bxe5 16. gxh5 gxh5 17. Nh3 Ng7 18. O-O-O Nb5 19. Ne4 Nd4 20. Bxd4 Bxd4 21. Qh6 f6 22. Rhg1 Qe7 23. Rxd4 Bxh3 24. Rd2 c4 25. Bd1 Rf7 26. Bc2 Re8 27. Re2 Rd8 28. Nxf6+ 1-0

[Event "Charlotte Fall GM-A 2023"]
[Site "Charlotte"]
[Date "2023.11.21"]
[Round "9.2"]
[White "Aarav Dengla"]
[Black "Siddharth, Jagadeesh"]
[Result "0-1"]
[ECO "C01"]
[WhiteElo "2391"]
[BlackElo "2438"]
[Annotator "RC"]
[PlyCount "156"]
[EventDate "2023.11.17"]
[EventType "tourn"]
[EventCountry "USA"]
[SourceTitle "playchess.com"]
[Source "ChessBase"]
[SourceQuality "1"]
[TimeControl "5400+30"]

1. e4 e6 2. d4 d5 3. exd5 exd5 4. Nf3 Nc6 5. Bb5 Bd6 6. c4 dxc4 7. Bxc6+ bxc6 8. O-O Bg4 9. h3 Bh5 10. Nbd2 Ne7 11. Qc2 O-O 12. Qxc4 Rb8 13. a3 Re8 14. Ne5 c5 15. Ndf3 cxd4 16. Qxd4 Nf5 17. Qf4 Bxe5 18. Qxf5 g6 19. Qxe5 Rxe5 20. Nxe5 Qd5 21. Ng4 Bxg4 22. hxg4 f6 23. b4 h5 24. gxh5 Qxh5 25. Bf4 g5 26. Bxc7 Rc8 27. Rac1 Kf7 28. Bg3 Rxc1 29. Rxc1 Qe2 30. Bb8 a6 31. Ba7 Qb2 32. Rc7+ Kg6 33. Rc6 Qxa3 34. Bd4 Qxb4 35. Rxf6+ Kg7 36. Rxa6+ Qxd4 37. Ra3 Qd1+ 38. Kh2 Qe1 39. Rf3 Qd2 40. Kg1 Qe1+ 41. Kh2 Kg6 42. g4 Qf1 43. Rf5 Qe2 44. Kg3 Qd1 45. f3 Qg1+ 46. Kh3 Qh1+ 47. Kg3 Qh4+ 48. Kg2 Kg7 49. Kf1 Qh1+ 50. Kf2 Kg6 51. Kg3 Qh4+ 52. Kg2 Kg7 53. Kf1 Qh1+ 54. Kf2 Qh2+ 55. Kf1 Kg6 56. Rf8 Qe5 57. Rf5 Qb2 58. Ke1 Qc2 59. Kf1 Qd2 60. Rf8 Kg7 61. Rf5 Qc2 62. Ke1 Qg2 63. Rxg5+ Kf6 64. Rh5 Ke7 65. Re5+ Kd6 66. Rf5 Ke6 67. Kd1 Qf2 68. Rf8 Qd4+ 69. Ke2 Qc4+ 70. Kd1 Qa2 71. Rf5 Qf2 72. Rf8 Ke5 73. g5 Qc5 74. Rf6 Kd4 75. Ke2 Qe5+ 76. Kf1 Ke3 77. Rf8 Qc5 78. Rf6 Qb5+ 0-1

[Event "Charlotte Fall GM-A 2023"]
[Site "Charlotte"]
[Date "2023.11.21"]
[Round "9.3"]
[White "Chen, Ryo"]
[Black "Cruz, Cristhian"]
[Result "1/2-1/2"]
[ECO "B83"]
[WhiteElo "2367"]
[BlackElo "2498"]
[Annotator "RC"]
[PlyCount "40"]
[EventDate "2023.11.17"]
[EventType "tourn"]
[EventCountry "USA"]
[SourceTitle "playchess.com"]
[Source "ChessBase"]
[SourceQuality "1"]
[TimeControl "5400+30"]

1. e4 c5 2. Nf3 e6 3. d4 cxd4 4. Nxd4 Nf6 5. Nc3 d6 6. Be2 Be7 7. O-O O-O 8. Be3 Nc6 9. f4 e5 10. Nb3 exf4 11. Bxf4 Be6 12. Qe1 a5 13. Be3 a4 14. Nd4 Nxd4 15. Bxd4 Nd7 16. Qg3 Ne5 17. Rad1 Bh4 18. Qf4 Bg5 19. Qg3 Bh4 20. Qf4 Bg5 1/2-1/2